 Dungeon Crawl Stone Soup version 0.19.4 (webtiles) character file.

72539 bosm the Unseen (level 15, -4/105 HPs)
             Began as a Kobold Hunter on Feb 5, 2017.
             Was a Believer of Uskayaw.
             Slain by a troll (11 damage)
             ... led by an orc knight
             ... on level 1 of the Orcish Mines.
             The game lasted 01:02:16 (23912 turns).

bosm the Unseen (Kobold Hunter)                    Turns: 23912, Time: 01:02:18

Health: -4/105     AC: 14    Str: 10    XL:     15   Next: 86%
Magic:  24/24      EV: 31    Int: 14    God:    Uskayaw [**....]
Gold:   1483       SH:  4    Dex: 33    Spells: 3 memorised, 8 levels left

rFire  x . .     SeeInvis +     w - +11 dagger of Equivalence {venom, rPois rC++ Int+2}
rCold  + + +     Gourm    .     l - +4 leather armour of Absolutism {rPois rF- rC++ Dex+4}
rNeg   . . .     Faith    .     (shield restricted)
rPois  +         Spirit   .     z - +0 helmet
rElec  .         Reflect  .     Q - +1 cloak {rC+}
rCorr  .         Harm     .     q - +0 pair of gloves
MR     +....                    U - +2 pair of boots
Stlth  ++++++++..               (no amulet)
                                G - ring of see invisible
                                n - +5 ring of dexterity

@: drained
A: talons 1, large bone plates 1, thin skeletal structure 1, carnivore 3, robust
1, evolution 1
a: Stomp, Line Pass, Renounce Religion


You were on level 1 of the Orcish Mines.
You worshipped Uskayaw.
Uskayaw was pleased with you.
You were very full.

You visited 4 branches of the dungeon, and saw 20 of its levels.
You also visited: Labyrinth and Ice Cave.

You collected 1483 gold pieces.

Inventory:

Hand Weapons
 a - a +1 hand crossbow
 w - the +11 dagger of Equivalence (weapon) {venom, rPois rC++ Int+2}
   (You found it on level 5 of the Lair of Beasts)

   It poisons the flesh of those it strikes.
   It affects your intelligence (+2).
   It greatly protects you from cold.
   It protects you from poison.
Missiles
 m - 4 throwing nets (quivered)
 r - 63 bolts
Armour
 l - the +4 leather armour of Absolutism (worn) {rPois rF- rC++ Dex+4}
   (You found it on level 4 of the Dungeon)

   It affects your dexterity (+4).
   It makes you vulnerable to fire.
   It greatly protects you from cold.
   It protects you from poison.
 q - a +0 pair of gloves (worn)
 v - a +1 shield of cold resistance
 z - a +0 helmet (worn)
 Q - a +1 cloak of cold resistance (worn)
 R - a +2 cloak of poison resistance
 U - a +2 pair of boots (worn)
Jewellery
 n - a +5 ring of dexterity (left hand)
 D - an uncursed ring of flight
 G - a ring of see invisible (right hand)
Wands
 t - a wand of lightning (5/15)
 y - a wand of digging (5/24)
 E - a wand of disintegration (13/24)
Scrolls
 d - 2 scrolls of amnesia
 i - 9 scrolls of identify
 j - 8 scrolls of remove curse
 N - a scroll of enchant weapon
 P - 3 scrolls of fog
 S - 3 scrolls of fear
 V - a scroll of blinking
Potions
 b - 12 potions of curing
 k - 3 potions of haste
 o - 5 potions of flight
 O - a potion of heal wounds
Comestibles
 c - 2 chunks of flesh
 f - 13 meat rations


   Skills:
 + Level 11.7(10.9) Fighting
 - Level 12.6(11.7) Short Blades
 - Level 10.5(9.7) Crossbows
 + Level 2.3(1.7) Armour
 * Level 14.2(13.3) Dodging
 * Level 18.1(17.1) Stealth
 * Level 12.4(11.6) Invocations


You had 8 spell levels left.
You knew the following spells:

 Your Spells              Type           Power        Failure   Level  Hunger
d - Confuse               Hex            #.......     92%         3    ####...
q - Apportation           Tloc           #.........   38%         1    ##.....
x - Repel Missiles        Chrm/Air       #.....       61%         2    ###....


Dungeon Overview and Level Annotations

Branches:
Dungeon (12/15)            Temple (1/1) D:5            Lair (6/6) D:9
 Shoals (0/4) Lair:4       Spider (0/4) Lair:4        Slime (0/5) Lair:6
    Orc (1/2) D:12

Altars:
Ashenzari
Cheibriados
Dithmenos
Elyvilon
Fedhas
Gozag
Hepliaklqana
Kikubaaqudgha
Makhleb
Nemelex Xobeh
Okawaru
Qazlal
Ru
Sif Muna
Trog
Uskayaw
Vehumet
Xom
Yredelemnul
Zin
The Shining One

Shops:
D:9 (   D:11 (

Annotations:
D:10 Feta's ghost, novice TeCj
Lair:4 Vorshek's ghost, journeyman MiGl


Innate Abilities, Weirdness & Mutations

You are small and have problems with some larger weapons.
You are carnivorous and can eat meat at any time.
You have sharp toenails.
You are partially covered in large bone plates. (SH +4)
You have a somewhat thin skeletal structure. (Dex +2, Stealth)
You are robust. (+10% HP)
You evolve.


Message History

You hit the orc knight.
You kill the orc knight!
The orc warrior hits you with a mace!
An orc and an orc warrior come into view. 3 orcs, an orc priest and an orc wizard come into view.
The orc shouts!
The orc wizard moves out of view.
You block the orc sorcerer's attack. The troll completely misses you.
You block the troll's attack. The troll completely misses you.
The red devil hits you from afar with a trident!
Items here: ( )) [ † an enchanted long sword; an arbalest; 21 bolts; a plate armour; an orc corpse You hit the orc sorcerer but do no damage.
The sixfirhy hits you. The sixfirhy shocks you!
The orc sorcerer casts a spell at you. The bolt of negative energy hits you!
You feel drained.
* * * LOW HITPOINT WARNING * * *
The orc completely misses you. The troll closely misses you.
The troll completely misses you. The troll claws you!
You die...

.............#..#. ##
...).....>....... .###
#.....#........... ....#
#..........o.....# ..$...
................####.#...#
..................#.......
#..................#......
...............o#o#.#...o.
...............#@#....#...
..#...........#3oT4o.T..T.
............>...o#o$#.o..o
......#...##......o.o.....
##.......##.#....#...oo...
##.....(#............o...
##.....###.....##.......#
#......# ##..###.........
#........# #... .........


You could see 2 trolls, a sixfirhy, an orc sorcerer, a red devil, 3 orc
warriors, an orc priest, an orc wizard and 7 orcs.

Vanquished Creatures
  Frances (D:12)
  Kirke (D:12)
  A frost giant (IceCv)
  Nessos (D:12)
  A dire elephant (Lair:6)
  Josephine (D:10)
  A minotaur (Lab)
  Erolcha (D:12)
  11 hydras
  A merfolk avatar (Lair:6)
  An unseen horror (D:11)
  A sea snake (Lair:6)
  An orc knight (Orc:1)
  3 hill giants
  A wolf spider (Lair:4)
  An ugly thing (D:12)
  The ghost of Feta the Firebug, a novice DgFE (D:7)
  4 manticores
  2 cyclopes
  2 black mambas (Lair:2)
  34 elephants
  2 ice statues (IceCv)
  A centaur skeleton (D:12)
  A gargoyle (D:11)
  10 spiny frogs
  5 rime drakes
  9 komodo dragons
  2 trolls (D:9)
  A wind drake (Lair:6)
  A hornet (Lair:6)
  20 polar bears
  13 blink frogs
  5 hippogriffs
  A spriggan (D:9)
  6 wraiths
  4 wyverns
  3 hogs (D:12)
  39 yaks
  A hungry ghost (D:11)
  4 vampire mosquitoes (Lair:1)
  2 basilisks
  A warg (D:12)
  An insubstantial wisp (Lair:1)
  6 orc warriors
  8 water moccasins
  3 ice beasts
  12 porcupines
  A meliai simulacrum (D:12)
  A swamp drake (Lair:1)
  A black bear (D:6)
  A sky beast (D:7)
  An eye of draining (D:11)
  6 ogres
  A phantom (D:9)
  18 wolves
  3 centaurs
  20 crocodiles
  Blork the orc (D:5)
  2 big kobolds
  15 bullfrogs
  4 scorpions
  11 killer bees
  12 wights
  10 electric eels
  6 crimson imps
  3 howler monkeys (D:9)
  2 centaur zombies
  4 lava snakes (Lair:4)
  A quasit (D:9)
  2 bullfrog zombies
  4 bullfrog skeletons
  9 hounds
  2 jellies
  6 orc priests
  8 orc wizards
  2 iguanas
  8 worker ants
  A killer bee zombie (D:8)
  2 hound zombies
  A hound skeleton (D:4)
  15 adders
  4 gnolls (D:5)
  2 howler monkey skeletons
  3 shadow imps
  An ooze (D:4)
  An adder skeleton (D:8)
  2 worms
  2 dart slugs
  3 leopard geckos
  23 orcs
  4 giant cockroaches
  3 goblins
  11 hobgoblins
  4 jackals
  5 quokkas
  3 ball pythons
  6 bats
  9 frilled lizards
  16 kobolds
  A leopard gecko skeleton (D:4)
  2 leopard gecko zombies (D:5)
  11 rats
532 creatures vanquished.

Vanquished Creatures (collateral kills)
  2 yaks (Lair:2)
  2 wolves (Lair:2)
  A crocodile (Lair:2)
5 creatures vanquished.

Vanquished Creatures (others)
  A harpy (Lair:6)
  A swamp drake (Lair:1)
  A kobold (D:9)
  17 fungi
  32 plants
52 creatures vanquished.

Grand Total: 589 creatures vanquished

Notes
Turn   | Place    | Note
-------+----------+-------------------------------------------
     0 | D:1      | bosm the Kobold Hunter began the quest for the Orb.
     0 | D:1      | Reached XP level 1. HP: 12/12 MP: 1/1
   226 | D:1      | Reached skill level 1 in Short Blades
   226 | D:1      | Reached skill level 5 in Crossbows
   226 | D:1      | Reached XP level 2. HP: 17/17 MP: 2/2
   373 | D:1      | Reached XP level 3. HP: 18/21 MP: 3/3
   499 | D:1      | Reached skill level 2 in Stealth
   767 | D:2      | Found a bloodstained altar of Trog.
  1285 | D:2      | Reached XP level 4. HP: 27/27 MP: 4/4
  1484 | D:3      | Noticed an ogre
  1491 | D:3      | Killed an ogre
  1491 | D:3      | Reached skill level 3 in Stealth
  1491 | D:3      | Reached XP level 5. HP: 32/32 MP: 5/5
  1938 | D:3      | Reached XP level 6. HP: 34/36 MP: 6/6
  2111 | D:4      | Reached skill level 4 in Stealth
  2160 | D:4      | Found a shattered altar of Ashenzari.
  2380 | D:4      | Found a shadowy altar of Dithmenos.
  2392 | D:4      | Got a bloodstained leather armour
  2413 | D:4      | Identified the +4 leather armour of Absolutism {rPois rF- rC++ Dex+4} (You found it on level 4 of the Dungeon)
  2732 | D:5      | Entered Level 5 of the Dungeon
  2895 | D:5      | Found a staircase to the Ecumenical Temple.
  2904 | Temple   | Entered the Ecumenical Temple
  2931 | Temple   | Became a worshipper of Uskayaw the Reveler
  3110 | D:5      | Reached * piety under Uskayaw
  3122 | D:5      | Reached skill level 5 in Stealth
  3122 | D:5      | Reached XP level 7. HP: 15/41 MP: 7/7
  3122 | D:5      | Reached ** piety under Uskayaw
  3130 | D:5      | Reached *** piety under Uskayaw
  3337 | D:5      | Reached skill level 5 in Short Blades
  3424 | D:5      | Noticed Blork the orc
  3442 | D:5      | Killed Blork the orc
  3442 | D:5      | Reached skill level 1 in Invocations
  4357 | D:6      | Found a sacrificial altar of Ru.
  4388 | D:6      | Reached skill level 6 in Stealth
  4396 | D:6      | Reached **** piety under Uskayaw
  4400 | D:6      | Reached ***** piety under Uskayaw
  4412 | D:6      | Reached XP level 8. HP: 33/48 MP: 9/9
  4874 | D:6      | You fall through a shaft!
  5253 | D:6      | Reached skill level 7 in Stealth
  5523 | D:7      | Reached skill level 5 in Dodging
  5532 | D:7      | Noticed Feta's ghost (novice DgFE)
  5535 | D:7      | Reached skill level 10 in Short Blades
  5535 | D:7      | Reached skill level 11 in Stealth
  5535 | D:7      | Reached skill level 5 in Invocations
  5535 | D:7      | Reached XP level 9. HP: 56/56 MP: 9/12
  5573 | D:7      | Killed Feta's ghost
  5573 | D:7      | Reached XP level 10. HP: 57/61 MP: 13/13
  6262 | D:8      | Found a burning altar of Makhleb.
  7263 | D:9      | Found a staircase to the Lair.
  7279 | D:9      | Reached skill level 12 in Stealth
  7695 | D:9      | Found an iron altar of Okawaru.
  7962 | D:9      | Found Uratiachag's Antique Weapon Emporium.
  7970 | D:9      | Reached XP level 11. HP: 67/67 MP: 15/15
  8677 | D:10     | Entered Level 10 of the Dungeon
  8677 | D:10     | Noticed Feta's ghost (novice TeCj)
  8848 | D:10     | Noticed Josephine
  8862 | D:10     | Killed Josephine
  8890 | D:10     | Reached ****** piety under Uskayaw
  9151 | D:10     | Learned a level 1 spell: Apportation
  9155 | D:10     | Learned a level 3 spell: Confuse
  9490 | Lair:1   | Entered Level 1 of the Lair of Beasts
  9816 | Lair:1   | Reached skill level 13 in Stealth
 10038 | Lair:1   | Noticed an eight-headed hydra
 10254 | Lair:1   | Reached XP level 12. HP: 55/73 MP: 17/17
 11157 | Lair:1   | Killed an eight-headed hydra
 11484 | Lair:2   | Reached skill level 14 in Stealth
 11875 | Lair:2   | Reached skill level 10 in Crossbows
 12481 | Lair:2   | Reached skill level 10 in Dodging
 12772 | Lair:3   | Learned a level 2 spell: Repel Missiles
 12887 | Lair:3   | Noticed a five-headed hydra
 12892 | Lair:3   | Killed a five-headed hydra
 12928 | Lair:3   | Reached XP level 13. HP: 79/79 MP: 19/19
 13002 | Lair:3   | You fall through a shaft for 2 floors!
 13249 | Lair:4   | Noticed a seven-headed hydra
 13272 | Lair:4   | Reached skill level 15 in Stealth
 13286 | Lair:4   | Killed a seven-headed hydra
 13609 | Lair:4   | Noticed Vorshek's ghost (journeyman MiGl)
 13640 | Lair:4   | HP: 2/80 [Vorshek's ghost (24)]
 13684 | Lair:4   | Found a staircase to the Shoals.
 14015 | Lair:4   | Gained mutation: You have sharp toenails. [potion of mutation]
 14015 | Lair:4   | Gained mutation: You are robust. (+10% HP) [potion of mutation]
 14015 | Lair:4   | Gained mutation: You have a somewhat thin skeletal structure. (Dex +2, Stealth) [potion of mutation]
 14185 | Lair:4   | Found a hole to the Spider Nest.
 14202 | Lair:4   | Identified a +0 rod of clouds (11/11) (You found it on level 9 of the Dungeon)
 15651 | Lair:5   | Got a warped dagger
 15654 | Lair:5   | Identified the +11 dagger of Equivalence {venom, rPois rC++ Int+2} (You found it on level 5 of the Lair of Beasts)
 15800 | Lair:5   | Noticed an eight-headed hydra
 15807 | Lair:5   | Killed an eight-headed hydra
 15824 | Lair:5   | Reached skill level 10 in Invocations
 15983 | Lair:5   | Noticed a seven-headed hydra
 15996 | Lair:5   | Killed a seven-headed hydra
 15996 | Lair:5   | Reached XP level 14. HP: 17/95 MP: 21/21
 16414 | Lair:5   | Reached skill level 16 in Stealth
 16807 | Lair:5   | Reached skill level 10 in Fighting
 16904 | Lair:6   | Entered Level 6 of the Lair of Beasts
 16939 | Lair:6   | Found a labyrinth entrance.
 16950 | Lab      | Entered a labyrinth
 17172 | Lab      | Got a pitted scale mail
 17188 | Lair:6   | Identified the cursed +0 scale mail "Vihykisi" {rPois} (You found it in a labyrinth)
 18217 | Lair:6   | Found a glowing silver altar of Zin.
 18329 | Lair:6   | Found a staircase to the Slime Pits.
 18353 | Lair:6   | Noticed a dire elephant
 18362 | Lair:6   | Killed a dire elephant
 18887 | Lair:6   | Reached skill level 17 in Stealth
 19345 | Lair:6   | Reached XP level 15. HP: 98/103 MP: 23/23
 19723 | D:11     | Found a frozen archway.
 19736 | IceCv    | Entered an ice cave
 20179 | IceCv    | Gained mutation: You evolve. [potion of beneficial mutation]
 20751 | IceCv    | Noticed a frost giant
 20776 | IceCv    | Killed a frost giant
 20776 | IceCv    | Reached skill level 1 in Armour
 21431 | D:11     | Found Rixt's Weapon Shop.
 21503 | D:11     | Got an opalescent robe
 21894 | D:11     | Identified the +1 robe "Nukhlyn" {rN+ Dex-5 Slay+3} (You found it on level 11 of the Dungeon)
 22126 | D:11     | Gained mutation: You are partially covered in large bone plates. (SH +4) [evolution]
 22626 | D:12     | Noticed Kirke
 22646 | D:12     | Killed Kirke
 22761 | D:12     | Noticed Nessos
 22762 | D:12     | Noticed Frances
 22765 | D:12     | Killed Nessos
 22778 | D:12     | Killed Frances
 23292 | D:12     | Noticed Erolcha
 23297 | D:12     | Killed Erolcha
 23327 | D:12     | Reached skill level 18 in Stealth
 23331 | D:12     | Found a staircase to the Orcish Mines.
 23736 | Orc:1    | Entered Level 1 of the Orcish Mines
 23912 | Orc:1    | Slain by a troll

Skill      XL: |  1  2  3  4  5  6  7  8  9 10 11 12 13 14 15 |
---------------+----------------------------------------------+-----
Short Blades   | 1 2 3 4 5 10 11 12 | 12.6
Crossbows      | 5 8 9 10 | 10.5
Stealth        | 2 3 5 6 11 12 13 14 15 17 18 | 18.1
Dodging        | 3 4 7 8 10 11 13 14 | 14.2
Fighting       | 3 6 7 8 9 11 | 11.7
Invocations    | 1 5 6 7 8 10 11 12 | 12.4
Armour         | 2 |  2.3

Action                   |  1- 3 |  4- 6 |  7- 9 | 10-12 | 13-15 || total
-------------------------+-------+-------+-------+-------+-------++-------
Melee: Short sword       |    66 |   109 |   254 |   691 |   199 ||  1319
       Kick              |       |       |       |       |   372 ||   372
       Dagger            |       |       |       |       |   950 ||   950
 Fire: Hand crossbow     |    65 |    59 |    17 |    65 |    63 ||   269
Throw: Throwing net      |       |       |       |     1 |     1 ||     2
Invok: Line Pass         |       |       |       |     2 |     1 ||     3
       Grand Finale      |       |       |       |       |     1 ||     1
 Abil: Evoke Flight      |       |       |       |       |     4 ||     4
Evoke: Fan of gales      |       |       |       |       |     1 ||     1
  Use: Scroll            |       |     9 |     2 |     4 |    15 ||    30
       Potion            |       |     3 |     5 |     3 |    12 ||    23
 Stab: Sleeping          |       |     3 |     7 |    30 |    53 ||    93
       Paralysed         |       |       |     6 |    34 |    56 ||    96
       Distracted        |       |       |       |     5 |     6 ||    11
       Confused          |       |       |       |     1 |     1 ||     2
  Eat: Chunk             |     9 |     5 |     9 |    22 |    44 ||    89
Armor: Leather armour    |     3 |    24 |    37 |    57 |   123 ||   244
       Scale mail        |    38 |    26 |       |       |       ||    64
       Skin              |       |       |    11 |       |       ||    11
Dodge: Dodged            |    57 |   120 |   167 |   397 |  1010 ||  1751
Block: Other             |       |       |       |       |    17 ||    17
